 Dungeon Crawl Stone Soup version 0.20.0-10-g0535bb4 (webtiles) character file.

106 straycat the Skirmisher (level 4, 0/35 HPs)
             Began as a Vampire Fighter on June 6, 2017.
             Slain by an orc wizard
             ... wielding a +0 dagger of speed
              (2 damage)
             ... on level 2 of the Dungeon.
             The game lasted 00:09:21 (2725 turns).

straycat the Skirmisher (Vampire Fighter)           Turns: 2725, Time: 00:09:22

Health: 0/35       AC:  7    Str: 16    XL:     4   Next: 55%
Magic:  4/4        EV: 10    Int: 10    God:
Gold:   132        SH:  5    Dex: 13    Spells: 3/3 levels left

rFire    . . .     SeeInvis +   n - -2 hunting sling (curse)
rCold    . . .     Gourm    .   r - +1 buckler
rNeg     + . .     Faith    .   b - +0 scale mail
rPois    .         Spirit   .   (no helmet)
rElec    .         Reflect  .   (no cloak)
rCorr    .         Harm     .   t - +0 pair of gloves (curse)
MR       .....                  (no boots)
Stlth    +.........             (no amulet)
Regen    0.2/turn               (no ring)
MPRegen  0.1/turn               (no ring)

@: no status effects
A: fangs 3, see invisible, unbreathing
a: Bat Form


You were on level 2 of the Dungeon.
You were not thirsty.

You visited 1 branch of the dungeon, and saw 3 of its levels.

You collected 132 gold pieces.

Inventory:

Hand Weapons
 a - a +0 rapier
 n - a cursed -2 hunting sling (weapon)
 u - a +0 falchion
Missiles
 f - 122 stones (quivered)
 k - 22 poisoned needles
 s - 9 arrows
Armour
 b - a +0 scale mail (worn)
 c - a +0 shield
 h - a +0 plate armour
 r - a +1 buckler (worn)
 t - a cursed +0 pair of gloves (worn)
Magical Staves
 p - an uncursed staff of cold
Scrolls
 g - a scroll of recharging
 o - a scroll of identify
 q - a scroll of magic mapping
Potions
 d - a potion of might
 e - 21 potions of blood
 j - 2 potions of curing


   Skills:
 + Level 3.4 Fighting
 - Level 2.1 Short Blades
 - Level 2.4 Armour
 * Level 3.0 Dodging
 + Level 3.2 Stealth
 - Level 2.6 Shields


You had 3 spell levels left.
You didn't know any spells.

Dungeon Overview and Level Annotations

Branches:
Dungeon (3/15)

Altars:
Gozag
Ru


Innate Abilities, Weirdness & Mutations

You have razor-sharp teeth.
You have supernaturally acute eyesight. (SInv)
You can survive without breathing.


Message History

The orc barely misses you.
You clumsily bash the orc but do no damage.
The orc is almost dead.
The orc hits you with a mace.
* * * LOW HITPOINT WARNING * * *
The orc hits you with a mace.
* * * LOW HITPOINT WARNING * * *
You block the orc wizard's attack.
You clumsily bash the orc but do no damage.
The orc is almost dead.
The orc wizard casts a spell at you. The magic dart hits you!
* * * LOW HITPOINT WARNING * * *
The orc wizard hits you but does no damage.
The orc barely misses you.
You clumsily bash the orc but do no damage.
Your bite misses the orc.
The orc is almost dead.
The orc wizard hits you with a dagger of speed.
You die...

#.>......#.##.#......
##.##..#.......#......
#...#.......####.#...#
#.#...##.#### #.##..#
#...####.##### #.....#
##...........# ####.##
####.#####.....# ###.##
#.....oo##.....# #.....
#.##.##@##.....# #.#.##
#.##.##)##.....####.#.##
#....##.###.......#.#.##
#..####.###..####.#.#.##
#........#.....##.#.....
##.#####..#.#..##.###.##
#....##.##.......# #.#
#.##............####.#
#.......#............#


You could see an orc wizard and an orc.

Vanquished Creatures
  An orc wizard (D:3)
  An adder (D:2)
  A dart slug (D:1)
  A leopard gecko (D:2)
  3 orcs
  4 bats
  5 giant cockroaches
  7 goblins
  7 hobgoblins
  6 jackals
  9 kobolds
  A quokka (D:2)
  A ball python (D:1)
  5 frilled lizards
  5 rats
57 creatures vanquished.

Notes
Turn   | Place    | Note
-------+----------+-------------------------------------------
     0 | D:1      | straycat the Vampire Fighter began the quest for the Orb.
     0 | D:1      | Reached XP level 1. HP: 17/17 MP: 1/1
    82 | D:1      | Reached skill level 1 in Stealth
   319 | D:1      | Reached XP level 2. HP: 23/23 MP: 2/2
   354 | D:1      | Reached skill level 1 in Dodging
  1030 | D:1      | Reached XP level 3. HP: 25/29 MP: 3/3
  2458 | D:3      | Reached XP level 4. HP: 27/35 MP: 4/4
  2676 | D:3      | Found a sacrificial altar of Ru.
  2681 | D:3      | Found an opulent altar of Gozag.
  2725 | D:2      | Slain by an orc wizard

Skill      XL: |  1  2  3  4 |
---------------+-------------+-----
Stealth        | 1 2 3 |  3.2
Dodging        | 1 2 3 |  3.0
Fighting       | 3 |  3.4
Short Blades   | |  2.1
Armour         | |  2.4
Shields        | |  2.6

Action                   |  1- 3 |  4- 6 || total
-------------------------+-------+-------++-------
Melee: Rapier            |   140 |    19 ||   159
       Bite              |     9 |     3 ||    12
       Hunting sling     |       |    33 ||    33
 Fire: Hunting sling     |       |    24 ||    24
  Use: Potion            |     3 |     1 ||     4
       Scroll            |       |     7 ||     7
 Stab: Sleeping          |     1 |       ||     1
  Eat: Corpse            |       |     1 ||     1
Armor: Scale mail        |    88 |    27 ||   115
       Skin              |       |    55 ||    55
Dodge: Dodged            |    94 |    32 ||   126
Block: Buckler           |       |    23 ||    23
